 Dungeon Crawl Stone Soup version 0.21.1-1-g345015fe64 (webtiles) character file.

93 ImError the Bolt Thrower (level 4, -1/26 HPs)
             Began as a Kobold Hunter on June 30, 2018.
             Slain by an orc wizard
             ... wielding a +0 dagger
              (6 damage)
             ... on level 3 of the Dungeon.
             The game lasted 00:04:18 (2359 turns).

ImError the Bolt Thrower (Kobold Hunter)            Turns: 2359, Time: 00:04:19

Health: -1/26      AC:  3    Str:  9    XL:     4   Next: 92%
Magic:  4/4        EV: 14    Int: 12    God:
Gold:   88         SH:  0    Dex: 16    Spells: 3/3 levels left

rFire    . . .     SeeInvis .   a - +1 hand crossbow
rCold    . . .     Gourm    .   (shield restricted)
rNeg     . . .     Faith    .   c - +0 leather armour
rPois    .         Spirit   .   i - +0 hat
rElec    .         Reflect  .   (no cloak)
rCorr    .         Harm     .   (no gloves)
MR       .....                  (no boots)
Stlth    +++.......             (no amulet)
HPRegen  0.08/turn              k - ring of flight
MPRegen  0.09/turn              m - ring of stealth

@: no status effects
A: small, carnivore
a: Evoke Flight


You were on level 3 of the Dungeon.
You were hungry.

You visited 1 branch of the dungeon, and saw 3 of its levels.

You collected 88 gold pieces.

Inventory:

Hand Weapons
 a - a +1 hand crossbow (weapon)
 e - a +2 short sword of flaming
 q - a +1 short sword of venom
Missiles
 d - 20 bolts (quivered)
Armour
 c - a +0 leather armour (worn)
 i - a +0 hat (worn)
Jewellery
 k - a ring of flight (left hand)
 m - a ring of stealth (right hand)
Scrolls
 g - a scroll of remove curse {unknown}
 j - 5 scrolls of identify {unknown}
 l - a scroll of blinking {unknown}
 o - 3 scrolls of fear {unknown}
 p - a scroll of amnesia {unknown}
 s - a scroll of magic mapping {unknown}
Potions
 b - a potion of haste {unknown}
 h - a potion of magic {unknown}
 n - a potion of invisibility {unknown}
 r - a potion of mutation {unknown}
Comestibles
 f - 8 rations


   Skills:
 - Level 2.1 Fighting
 + Level 7.1 Crossbows
 - Level 2.4 Dodging
 - Level 1.3 Stealth


You had 3 spell levels left.
You didn't know any spells.

Dungeon Overview and Level Annotations

Branches:
Dungeon (3/15)

Altars:
Sif Muna
Yredelemnul


Innate Abilities, Weirdness & Mutations

You are small and have problems with some larger weapons.
You are carnivorous and can eat meat at any time.


Message History

You hear some strange, mumbled words.
A magic dart appears from out of thin air!
The magic dart hits you! The kobold hits you but does no damage.
You hit the kobold. You burn the kobold.
You kill the kobold!
Something barely misses you.
You hit something. You burn something.
You hear some strange, mumbled words.
A puff of flame appears from out of thin air!
The puff of flame misses you.
You closely miss something.
You hear some strange, mumbled words.
A magic dart appears from out of thin air!
The magic dart hits you!
* * * LOW HITPOINT WARNING * * *
Wield which item (- for none, * to show all)? (? for menu, Esc to quit)
Your +2 short sword of flaming stops flaming.
a - a +1 hand crossbow (weapon)
Something hits you.
You die...

.##..# #.#######.#..#####.##..##
.....###.#######................
.#.†..........................##
.#...###.#######.#.............#.
......##.# #.#.............#.
.#....##.#######.#...###..#....#.
..........................#....#.
.#.....#..#####..)...............
.......#..# ##@#...#.#..#....#.
.......#..######{#.....#..#....#.
.........(.o...wo................
...........w.........#.#..#....#.
.......#.K######.#.............#.
......[(K...........##.#..##...#.
.......(...................(.<.#.
......oK.......................#.
.......####......................


You could see a worm and an orc.

Vanquished Creatures
  4 adders (D:2)
  A worm (D:2)
  2 dart slugs
  3 leopard geckos
  2 giant cockroaches
  6 goblins
  4 hobgoblins
  8 kobolds
  2 quokkas
  2 ball pythons (D:1)
  4 bats
  4 frilled lizards
  8 rats
50 creatures vanquished.

Notes
Turn   | Place    | Note
-------+----------+-------------------------------------------
     0 | D:1      | ImError the Kobold Hunter began the quest for the Orb.
     0 | D:1      | Reached XP level 1. HP: 12/12 MP: 1/1
    68 | D:1      | Reached skill level 5 in Crossbows
   282 | D:1      | Reached XP level 2. HP: 7/17 MP: 2/2
   868 | D:1      | Reached XP level 3. HP: 21/21 MP: 3/3
  1267 | D:2      | Reached skill level 6 in Crossbows
  1319 | D:2      | Found a deep blue altar of Sif Muna.
  1402 | D:2      | Found a basalt altar of Yredelemnul.
  1572 | D:2      | Reached XP level 4. HP: 26/26 MP: 4/4
  2152 | D:2      | Reached skill level 7 in Crossbows
  2359 | D:3      | Slain by an orc wizard

Skill      XL: |  1  2  3  4 |
---------------+-------------+-----
Crossbows      | 5 6 7 |  7.1
Fighting       | |  2.1
Dodging        | |  2.4
Stealth        | |  1.3

Action                   |  1- 3 |  4- 6 || total
-------------------------+-------+-------++-------
Melee: Short sword       |    57 |    65 ||   122
 Fire: Hand crossbow     |     1 |       ||     1
 Stab: Sleeping          |     5 |     4 ||     9
  Eat: Chunk             |     2 |     2 ||     4
Armor: Leather armour    |    12 |    10 ||    22
Dodge: Dodged            |    32 |    53 ||    85
